| TOP OF THE 1ST |
|
Quad Cities River Bandits batting - Pitching for West Michigan Whitecaps : RHP Adam Huemmer
|
|
Pitching: RHP Adam Huemmer
|
|
|
Batting: LHB Jose Chavez
|
0-0: Called Strike 0-1: Called Strike 0-2: Ball 1-2: Foul Ball, location: 2F 1-2: Foul Ball, location: 2F 1-2: Ball 2-2: Ball 3-2: Strikes out swinging
|
|
Batting: RHB Omar Amaya
|
0-0: Called Strike 0-1: Ball 1-1: Ball 2-1: Foul Ball, location: 2F 2-2: Foul Ball, location: 2F 2-2: Foul Ball, location: 2F 2-2: Ball 3-2: Foul Ball, location: 2F 3-2: SINGLE (Groundball, 6, EV 99.4 MPH)
|
|
Batting: RHB Jesus Malave
|
Pickoff Throw to First - Error! E1 Omar Amaya to second 0-0: Ball 1-0: Ball 2-0: Called Strike Omar Amaya steals 3rd base 2-1: Foul Ball, location: 2F 2-2: Foul Ball, location: 2F 2-2: SINGLE (Line Drive, 78S, EV 95.0 MPH) Omar Amaya scores
|
|
Batting: RHB Nick Deegan
|
0-0: Swinging Strike 0-1: Called Strike 0-2: SINGLE (Groundball, 6MD, EV 99.4 MPH) Jesus Malave to second Runner from 2nd tries for 3rd, SAFE, throw by CF made to third
|
|
Batting: RHB Yi-lin Niu
|
0-0: Ball 1-0: Ball 2-0: Called Strike 2-1: Ball 3-1: SINGLE (Groundball, 6MD, EV 81.2 MPH) (infield hit) Jesus Malave scores Nick Deegan to second
|
|
Batting: RHB Dave Gallegos
|
0-0: Ball 1-0: Called Strike 1-1: Called Strike 1-2: Ball 2-2: Strikes out swinging
|
|
Batting: RHB John Sabean
|
0-0: Ball 1-0: Ball 2-0: Called Strike 2-1: Swinging Strike 2-2: Ball 3-2: Strikes out swinging
|
| Top of the 1st over - 2 runs, 4 hits, 1 error, 2 left on base; Quad Cities 2 - West Michigan 0 |
| BOTTOM OF THE 1ST |
|
West Michigan Whitecaps batting - Pitching for Quad Cities River Bandits : RHP Bill Garcia
|
|
Pitching: RHP Bill Garcia
|
|
|
Batting: LHB Timotheus Young
|
0-0: Swinging Strike 0-1: SINGLE (Line Drive, 78M, EV 108.1 MPH)
|
|
Batting: SHB Ian Arlotta
|
0-0: Ball Timotheus Young steals 2nd base 1-0: Ball 2-0: Called Strike 2-1: Foul Ball, location: 2F 2-2: Ball 3-2: Ground out U3 (Groundball, 3, EV 85.0 MPH) Timotheus Young to third
|
|
Batting: RHB Ernst Meloche
|
0-0: Ball 1-0: Called Strike 1-1: Ball 2-1: Foul Ball, location: 2F 2-2: Ball 3-2: Ground out U3 (Groundball, 3, EV 103.1 MPH)
|
|
Batting: LHB Brad Gaskill
|
0-0: Ball 1-0: Called Strike 1-1: Foul Ball, location: 2F 1-2: Ball 2-2: Foul Ball, location: 2F 2-2: Ball 3-2: Ground out U3 (Groundball, 34S, EV 85.6 MPH)
|
| Bottom of the 1st over - 0 runs, 1 hit, 0 errors, 1 left on base; Quad Cities 2 - West Michigan 0 |
| TOP OF THE 2ND |
|
Quad Cities River Bandits batting - Pitching for West Michigan Whitecaps : RHP Adam Huemmer
|
|
Batting: RHB Roger Pelley
|
0-0: Called Strike 0-1: Foul Ball, location: 2F 0-2: Ground out 6-3 (Groundball, 6S, EV 68.1 MPH)
|
|
Batting: RHB Jason Monico
|
0-0: Foul Ball, location: 2F 0-1: Ground out 5-3 (Groundball, 56S, EV 70.6 MPH)
|
|
Batting: LHB Jose Chavez
|
0-0: Ball 1-0: Swinging Strike 1-1: Foul Ball, location: 2F 1-2: Ground out 6-3 (Groundball, 4M, EV 106.9 MPH)
|
| Top of the 2nd over - 0 runs, 0 hits, 0 errors, 0 left on base; Quad Cities 2 - West Michigan 0 |
| BOTTOM OF THE 2ND |
|
West Michigan Whitecaps batting - Pitching for Quad Cities River Bandits : RHP Bill Garcia
|
|
Batting: RHB Kevin Steed
|
0-0: Ball 1-0: Foul Ball, location: 2F 1-1: Swinging Strike 1-2: Ball 2-2: Ball 3-2: Foul Ball, location: 2F 3-2: Strikes out swinging
|
|
Batting: RHB Jose Evangelista
|
0-0: SINGLE (Groundball, 6M, EV 100.6 MPH)
|
|
Batting: RHB Joe Zimmerman
|
0-0: Called Strike 0-1: Ball 1-1: Ground out 4-3 (Groundball, 34S, EV 88.8 MPH) Jose Evangelista to second
|
|
Batting: RHB Jeremiah Washington
|
0-0: Ball 1-0: Called Strike 1-1: Ground out 3-1 (Groundball, 34, EV 87.5 MPH)
|
| Bottom of the 2nd over - 0 runs, 1 hit, 0 errors, 1 left on base; Quad Cities 2 - West Michigan 0 |
| TOP OF THE 3RD |
|
Quad Cities River Bandits batting - Pitching for West Michigan Whitecaps : RHP Adam Huemmer
|
|
Batting: RHB Omar Amaya
|
0-0: Called Strike 0-1: Swinging Strike 0-2: Foul Ball, location: 2F 0-2: Ball 1-2: Ball 2-2: Ball 3-2: Foul Ball, location: 2F 3-2: SINGLE (Groundball, 6S, EV 61.9 MPH) (infield hit)
|
|
Batting: RHB Jesus Malave
|
0-0: Ball 1-0: Ball 2-0: Called Strike 2-1: Fielders Choice at 2nd, 6-4 (Groundball, 6, EV 88.8 MPH)
|
|
Batting: RHB Nick Deegan
|
0-0: Called Strike 0-1: Ball 1-1: Ball 2-1: Ball 3-1: 2-RUN HOME RUN (Line Drive, 7LD, EV 99.4 MPH), Distance : 360 ft
|
|
Batting: RHB Yi-lin Niu
|
0-0: Swinging Strike 0-1: Ball 1-1: Ball 2-1: Ball 3-1: Base on Balls
|
|
Batting: RHB Dave Gallegos
|
0-0: SINGLE (Groundball, 4MD, EV 100.6 MPH) Yi-lin Niu to second Runner from 2nd tries for 3rd, SAFE, throw by CF made to third
|
|
Batting: RHB John Sabean
|
0-0: Ball Wild Pitch! Yi-lin Niu scores Dave Gallegos to second 1-0: Foul Ball, location: 2F 1-1: Ball 2-1: Ball 3-1: Foul Ball, location: 2F 3-2: Strikes out swinging
|
|
Pitching: RHP Alan Grossfeld
|
|
|
Batting: RHB Roger Pelley
|
0-0: Called Strike 0-1: Foul Ball, location: 2F 0-2: Foul Ball, location: 2F 0-2: Ball 1-2: Ball 2-2: Strikes out swinging
|
| Top of the 3rd over - 3 runs, 3 hits, 0 errors, 1 left on base; Quad Cities 5 - West Michigan 0 |
| BOTTOM OF THE 3RD |
|
West Michigan Whitecaps batting - Pitching for Quad Cities River Bandits : RHP Bill Garcia
|
|
Batting: RHB Jordan Hall
|
0-0: Ball 1-0: Fly out, F9 (Flyball, 9LM, EV 78.8 MPH)
|
|
Batting: LHB Timotheus Young
|
0-0: Ball 1-0: Ball 2-0: SINGLE (Groundball, 4MD, EV 104.4 MPH)
|
|
Batting: SHB Ian Arlotta
|
Pickoff Throw to First - Out! 1-3 CS 0-0: Ball 1-0: Called Strike 1-1: Foul Ball, location: 2F 1-2: Ball 2-2: DOUBLE (Groundball, 5L, EV 103.1 MPH)
|
|
Batting: RHB Ernst Meloche
|
0-0: Called Strike 0-1: Ball 1-1: Ball 2-1: Ball 3-1: Foul Ball, location: 2F 3-2: 2-RUN HOME RUN (Flyball, 7D, EV 95.6 MPH), Distance : 384 ft
|
|
Batting: LHB Brad Gaskill
|
0-0: Foul Ball, location: 2F 0-1: Swinging Strike 0-2: Strikes out swinging
|
| Bottom of the 3rd over - 2 runs, 3 hits, 0 errors, 0 left on base; Quad Cities 5 - West Michigan 2 |
| TOP OF THE 4TH |
|
Quad Cities River Bandits batting - Pitching for West Michigan Whitecaps : RHP Alan Grossfeld
|
|
Batting: RHB Jason Monico
|
0-0: Foul Ball, location: 2F 0-1: Foul Ball, location: 2F 0-2: Ball 1-2: Ball 2-2: Foul Ball, location: 2F 2-2: Foul Ball, location: 2F 2-2: Foul Ball, location: 2F 2-2: Strikes out swinging
|
|
Batting: LHB Jose Chavez
|
0-0: Ball 1-0: Ball 2-0: Ball 3-0: Called Strike 3-1: Swinging Strike 3-2: Strikes out swinging
|
|
Batting: RHB Omar Amaya
|
0-0: Ball 1-0: Fly out, F3 (Popup, 3S, EV 83.8 MPH)
|
| Top of the 4th over - 0 runs, 0 hits, 0 errors, 0 left on base; Quad Cities 5 - West Michigan 2 |
| BOTTOM OF THE 4TH |
|
West Michigan Whitecaps batting - Pitching for Quad Cities River Bandits : RHP Bill Garcia
|
|
Batting: RHB Kevin Steed
|
0-0: Ball 1-0: SINGLE (Groundball, 4MS, EV 66.2 MPH) (infield hit)
|
|
Batting: RHB Jose Evangelista
|
0-0: Ball Passed Ball! Kevin Steed to second 1-0: Called Strike 1-1: Ball 2-1: SINGLE (Groundball, 34D, EV 105.0 MPH) Kevin Steed to third Runner from 3rd tries for Home, SAFE, throw by RF to home
|
|
Batting: RHB Joe Zimmerman
|
0-0: Foul Ball, location: 2F 0-1: Ball 1-1: Fielders Choice at 2nd, 6-4 (Groundball, 6, EV 101.9 MPH)
|
|
Batting: RHB Jeremiah Washington
|
0-0: Called Strike 0-1: Foul Ball, location: 2F 0-2: Strikes out swinging
|
|
Batting: RHB Jordan Hall
|
0-0: Called Strike 0-1: Swinging Strike 0-2: Ball Joe Zimmerman is caught stealing 2nd base 2-4
|
| Bottom of the 4th over - 1 run, 2 hits, 0 errors, 0 left on base; Quad Cities 5 - West Michigan 3 |
| TOP OF THE 5TH |
|
Quad Cities River Bandits batting - Pitching for West Michigan Whitecaps : RHP Alan Grossfeld
|
|
Batting: RHB Jesus Malave
|
0-0: Fly out, F7 (Line Drive, 7S, EV 97.5 MPH)
|
|
Batting: RHB Nick Deegan
|
0-0: Ground out 6-3 (Groundball, 6, EV 110.6 MPH)
|
|
Batting: RHB Yi-lin Niu
|
0-0: Called Strike 0-1: Foul Ball, location: 2F 0-2: Foul Ball, location: 2F 0-2: Reached on error, E6 (Groundball, 6, EV 82.5 MPH)
|
|
Batting: RHB Dave Gallegos
|
0-0: Swinging Strike 0-1: Ball Yi-lin Niu is caught stealing 2nd base 2-4
|
| Top of the 5th over - 0 runs, 0 hits, 1 error, 0 left on base; Quad Cities 5 - West Michigan 3 |
| BOTTOM OF THE 5TH |
|
West Michigan Whitecaps batting - Pitching for Quad Cities River Bandits : RHP Bill Garcia
|
|
Batting: RHB Jordan Hall
|
0-0: Ball 1-0: Called Strike 1-1: Foul Ball, location: 2F 1-2: Strikes out swinging
|
|
Batting: LHB Timotheus Young
|
0-0: Foul Ball, location: 2F 0-1: Foul Ball, location: 2F 0-2: Strikes out swinging
|
|
Batting: SHB Ian Arlotta
|
0-0: Foul Ball, location: 2F 0-1: Ball 1-1: SINGLE (Groundball, 4MD, EV 106.9 MPH)
|
|
Batting: RHB Ernst Meloche
|
0-0: Ball 1-0: Foul Ball, location: 2F 1-1: Ball 2-1: Swinging Strike 2-2: Ball 3-2: Base on Balls Ian Arlotta to second
|
|
Batting: LHB Brad Gaskill
|
0-0: SINGLE (Line Drive, 6D, EV 95.6 MPH) Ian Arlotta to third Ernst Meloche to second Runner from 3rd tries for Home, SAFE, throw by LF to home
|
|
Batting: RHB Kevin Steed
|
0-0: Called Strike 0-1: Reached on error, E4 (Groundball, 4, EV 105.0 MPH) Ernst Meloche to third Brad Gaskill to second
|
|
Batting: RHB Jose Evangelista
|
0-0: Called Strike 0-1: Foul Ball, location: 2F 0-2: Foul Ball, location: 2F 0-2: Fielders Choice at 2nd, 6-4 (Groundball, 6, EV 89.4 MPH)
|
| Bottom of the 5th over - 1 run, 2 hits, 1 error, 3 left on base; Quad Cities 5 - West Michigan 4 |
| TOP OF THE 6TH |
|
Quad Cities River Bandits batting - Pitching for West Michigan Whitecaps : RHP Alan Grossfeld
|
|
Batting: RHB Dave Gallegos
|
0-0: Ball 1-0: Ball 2-0: SINGLE (Line Drive, 34D, EV 105.0 MPH)
|
|
Batting: RHB John Sabean
|
0-0: Ball 1-0: Swinging Strike 1-1: Ball 2-1: Ball 3-1: Foul Ball, location: 2F 3-2: Foul Ball, location: 2F 3-2: Strikes out swinging
|
|
Batting: RHB Roger Pelley
|
0-0: Ball 1-0: Ball 2-0: Ball 3-0: Foul Ball, location: 2F 3-1: Swinging Strike 3-2: Strikes out swinging
|
|
Batting: RHB Jason Monico
|
0-0: Ball 1-0: Called Strike 1-1: Foul Ball, location: 2F 1-2: Ball 2-2: Foul Ball, location: 2F 2-2: Strikes out swinging
|
| Top of the 6th over - 0 runs, 1 hit, 0 errors, 1 left on base; Quad Cities 5 - West Michigan 4 |
| BOTTOM OF THE 6TH |
|
West Michigan Whitecaps batting - Pitching for Quad Cities River Bandits : RHP Bill Garcia
|
|
Batting: RHB Joe Zimmerman
|
0-0: Ball 1-0: Swinging Strike 1-1: Ball 2-1: Ground out 6-3 (Groundball, 6, EV 95.0 MPH)
|
|
Batting: RHB Jeremiah Washington
|
0-0: Ball 1-0: Called Strike 1-1: Ball 2-1: Ground out 3-1 (Groundball, 34, EV 106.9 MPH)
|
|
Batting: RHB Jordan Hall
|
0-0: SINGLE (Groundball, 4MD, EV 109.4 MPH)
|
|
Batting: LHB Timotheus Young
|
0-0: Called Strike 0-1: Called Strike 0-2: Ball 1-2: Fly out, F7 (Line Drive, 78M, EV 98.8 MPH)
|
| Bottom of the 6th over - 0 runs, 1 hit, 0 errors, 1 left on base; Quad Cities 5 - West Michigan 4 |
| TOP OF THE 7TH |
|
Quad Cities River Bandits batting - Pitching for West Michigan Whitecaps : RHP Alan Grossfeld
|
|
Pitching: RHP T.J. McCullough
|
|
|
Batting: LHB Jose Chavez
|
0-0: Ground out 4-3 (Groundball, 4, EV 100.0 MPH)
|
|
Batting: RHB Omar Amaya
|
0-0: Ball 1-0: Ground out 5-3 (Groundball, 56, EV 81.9 MPH)
|
|
Batting: RHB Jesus Malave
|
0-0: Called Strike 0-1: Ground out 6-3 (Groundball, 6, EV 80.6 MPH)
|
| Top of the 7th over - 0 runs, 0 hits, 0 errors, 0 left on base; Quad Cities 5 - West Michigan 4 |
| BOTTOM OF THE 7TH |
|
West Michigan Whitecaps batting - Pitching for Quad Cities River Bandits : RHP Bill Garcia
|
|
Pitching: RHP Chance Robinson
|
|
|
Batting: SHB Ian Arlotta
|
0-0: Ball 1-0: Called Strike 1-1: Ball 2-1: Foul Ball, location: 2F 2-2: Ball 3-2: SINGLE (Groundball, 4M, EV 103.8 MPH) (infield hit)
|
|
Batting: RHB Ernst Meloche
|
0-0: Ball 1-0: Foul Ball, location: 2F 1-1: Ball 2-1: Grounds into double play, 5-4-3 (Groundball, 56, EV 107.5 MPH)
|
|
Batting: LHB Brad Gaskill
|
0-0: Foul Ball, location: 2F 0-1: Called Strike 0-2: Ball 1-2: Fly out, F6 (Popup, 4MD, EV 59.4 MPH)
|
| Bottom of the 7th over - 0 runs, 1 hit, 0 errors, 0 left on base; Quad Cities 5 - West Michigan 4 |
| TOP OF THE 8TH |
|
Quad Cities River Bandits batting - Pitching for West Michigan Whitecaps : RHP T.J. McCullough
|
|
Batting: RHB Nick Deegan
|
0-0: Swinging Strike 0-1: Ball 1-1: Called Strike 1-2: Foul Ball, location: 2F 1-2: Foul Ball, location: 2F 1-2: Ground out 5-3 (Groundball, 56S, EV 85.0 MPH)
|
|
Batting: RHB Yi-lin Niu
|
0-0: Called Strike 0-1: Ground out 6-3 (Groundball, 6M, EV 106.2 MPH)
|
|
Batting: RHB Dave Gallegos
|
0-0: Ball 1-0: Ball 2-0: Ground out 6-3 (Groundball, 6, EV 103.1 MPH)
|
| Top of the 8th over - 0 runs, 0 hits, 0 errors, 0 left on base; Quad Cities 5 - West Michigan 4 |
| BOTTOM OF THE 8TH |
|
West Michigan Whitecaps batting - Pitching for Quad Cities River Bandits : RHP Chance Robinson
|
|
Pitching: RHP Mike Rosen
|
|
|
Batting: RHB Kevin Steed
|
0-0: Ball 1-0: Foul Ball, location: 2F 1-1: Ball 2-1: Called Strike 2-2: Foul Ball, location: 2F 2-2: Foul Ball, location: 2F 2-2: Fly out, F7 (Flyball, 7S, EV 87.5 MPH)
|
|
Pinch Hitting: SHB Sean Foley
|
0-0: Called Strike 0-1: Ball 1-1: Called Strike 1-2: SINGLE (Groundball, 6MS, EV 67.5 MPH) (infield hit)
|
|
Batting: RHB Joe Zimmerman
|
0-0: Foul Ball, location: 2F 0-1: Called Strike 0-2: Ball 1-2: Grounds into double play, 5-4-3 (Groundball, 5, EV 88.8 MPH)
|
| Bottom of the 8th over - 0 runs, 1 hit, 0 errors, 0 left on base; Quad Cities 5 - West Michigan 4 |
| TOP OF THE 9TH |
|
Quad Cities River Bandits batting - Pitching for West Michigan Whitecaps : RHP T.J. McCullough
|
|
Now in LF: Scott Carr
|
|
|
Now in RF: Joe Zimmerman
|
|
|
Batting: RHB John Sabean
|
0-0: Called Strike 0-1: Ball 1-1: SINGLE (Groundball, P, EV 80.6 MPH) (infield hit)
|
|
Pinch Runner at 1st Sam Spohn:
|
|
|
Batting: RHB Roger Pelley
|
0-0: Called Strike 0-1: Ball 1-1: Ball 2-1: Ball 3-1: Called Strike 3-2: Strikes out swinging
|
|
Pinch Hitting: LHB Tomas de Zeeuw
|
0-0: Called Strike Sam Spohn is caught stealing 2nd base 2-6 0-1: Swinging Strike 0-2: Ball 1-2: Ball 2-2: Foul Ball, location: 2F 2-2: Strikes out looking
|
| Top of the 9th over - 0 runs, 1 hit, 0 errors, 0 left on base; Quad Cities 5 - West Michigan 4 |
| BOTTOM OF THE 9TH |
|
West Michigan Whitecaps batting - Pitching for Quad Cities River Bandits : RHP Mike Rosen
|
|
Pitching: RHP Jose Herrera
|
|
|
Now at C: Tomas de Zeeuw
|
|
|
Now at 1B: Sam Spohn
|
|
|
Now at 2B: Nick Deegan
|
|
|
Now at 3B: Yi-lin Niu
|
|
|
Batting: RHB Jeremiah Washington
|
0-0: Ball 1-0: Foul Ball, location: 2F 1-1: SOLO HOME RUN (Flyball, 7D, EV 95.6 MPH), Distance : 365 ft
|
|
Pinch Hitting: SHB Ryohei Nakano
|
0-0: Ball 1-0: Called Strike 1-1: Ground out 3-1 (Groundball, 34, EV 101.2 MPH)
|
|
Batting: LHB Timotheus Young
|
0-0: Foul Ball, location: 2F 0-1: Ground out U3 (Groundball, 34, EV 111.9 MPH)
|
|
Batting: SHB Ian Arlotta
|
0-0: Ball 1-0: Foul Ball, location: 2F 1-1: Ball 2-1: Foul Ball, location: 2F 2-2: Strikes out looking
|
| Bottom of the 9th over - 1 run, 1 hit, 0 errors, 0 left on base; Quad Cities 5 - West Michigan 5 |
| TOP OF THE 10TH |
|
Quad Cities River Bandits batting - Pitching for West Michigan Whitecaps : RHP T.J. McCullough
|
|
Pitching: RHP Denzel McPherson
|
|
|
Now at 3B: Ryohei Nakano
|
|
|
Batting: LHB Jose Chavez
|
0-0: Called Strike 0-1: Ball 1-1: Ball 2-1: Called Strike 2-2: Strikes out looking
|
|
Batting: RHB Omar Amaya
|
0-0: Ball 1-0: Called Strike 1-1: Ground out 6-3 (Groundball, 6, EV 81.2 MPH)
|
|
Batting: RHB Jesus Malave
|
0-0: Ball 1-0: Foul Ball, location: 2F 1-1: Ball 2-1: Foul Ball, location: 2F 2-2: Strikes out swinging
|
| Top of the 10th over - 0 runs, 0 hits, 0 errors, 0 left on base; Quad Cities 5 - West Michigan 5 |
| BOTTOM OF THE 10TH |
|
West Michigan Whitecaps batting - Pitching for Quad Cities River Bandits : RHP Jose Herrera
|
|
Batting: RHB Ernst Meloche
|
0-0: Ball 1-0: Ball 2-0: Ball 3-0: Base on Balls
|
|
Batting: LHB Brad Gaskill
|
0-0: Ball 1-0: Foul Ball, location: 2F 1-1: Ball Ernst Meloche steals 2nd base 2-1: Intentional Walk
|
|
Batting: RHB Kevin Steed
|
0-0: Foul Ball, location: 2F 0-1: Ball Passed Ball! Ernst Meloche to third Brad Gaskill to second 1-1: Fly out, F7 (Flyball, 7LSF, EV 87.5 MPH)
|
|
Batting: RHB Scott Carr
|
0-0: Swinging Strike 0-1: Ball 1-1: Ball 2-1: Ball Wild Pitch! Ernst Meloche scores
|
| Bottom of the 10th over - 1 run, 0 hits, 0 errors, 1 left on base; Quad Cities 5 - West Michigan 6 |
|